 Dungeon Sprint DCSS version 0.30-a0-50-gb2d611f6b1 (webtiles) character file.

Game seed: 7462020716930185011

278 MrFrogsmire the Fighter (level 8, -21/54 HPs)
             Began as a Gargoyle Berserker on Sept 4, 2022.
             Was a High Priest of Trog.
             Demolished by a naga warlord
             ... wielding a +0 hand axe
              (28 damage)
             ... in the Dungeon (Sprint VI: "Thunderdome").
             The game lasted 00:12:15 (619 turns).

MrFrogsmire the Fighter (Gargoyle Berserker)         Turns: 619, Time: 00:12:17

Health: -21/54     AC: 10    Str: 19    XL:     8   Next: 53%
Magic:  0/0        EV:  8    Int: 12    God:    Trog [*****.]
Gold:   330        SH:  0    Dex:  8    Spells: 7/7 levels left

rFire   . . .      SeeInvis +    s - +7 battleaxe of Untruth {flame, rPois rC+++ rCorr Str-3 Dex-3}
rCold   + + +      Faith    .    (shield currently unavailable)
rNeg    + + .      Spirit   .    q - +0 scale mail
rPois   ∞          Reflect  .    (no helmet)
rElec   +          Harm     .    (no cloak)
rCorr   +          Rampage  .    (no gloves)
Will    +++++      NoTele   +    (no boots)
Stlth   ..........               r - amulet "Datully" {rElec Regen+ rCorr MP-9 SInv}
HPRegen 1.98/turn                m - ring of Descent {Wiz *Slow rPois Will+++ Int+3}
MPRegen 0.07/turn                o - ring "Powar" {Drain rPois rN+ Will+++ Str+6}

@: strong-willed, regenerating, constricted, unable to read
A: sickness immunity, AC +5, negative energy resistance 1, electricity
resistance, torment resistance 1, petrification resistance, deformed body,
deterioration 2, frail 1, low MP 2, weak 2, inability to read after injury 1
a: Renounce Religion, Berserk, Trog's Hand, Brothers in Arms


You were in the Dungeon.
You worshipped Trog.
Trog was extremely pleased with you.
You visited 1 branch You collected 600 gold pieces.
You spent 270 gold pieces at shops.

Inventory:

Hand Weapons
 s - the +7 battleaxe of Untruth (weapon) {flame, rPois rC+++ rCorr Str-3 Dex-3}
   (Trog gifted it to you in the Dungeon)

   It burns those it strikes, dealing additional fire damage.
   Big, fiery blades are also staple armaments of hydra-hunters.
   Str:       It affects your strength (-3).
   Dex:       It affects your dexterity (-3).
   rC:        It renders you almost immune to cold.
   rPois:     It protects you from poison.
   rCorr:     It protects you from acid and corrosion.
Armour
 b - a +0 animal skin
 q - a +0 scale mail (worn)
Jewellery
 i - the ring "Laoluss" {rF+ MP+9 Int+2}
   (You bought it in a shop in the Dungeon)

   [ring of protection from fire]

   Int:       It affects your intelligence (+2).
   rF:        It protects you from fire.
   MP:        It affects your magic capacity (+9).
 m - the ring of Descent (left hand) {Wiz *Slow rPois Will+++ Int+3}
   (You bought it in a shop in the Dungeon)

   [ring of wizardry]

   It improves your spell success rate.
   Int:       It affects your intelligence (+3).
   rPois:     It protects you from poison.
   *Slow:     It may slow you when you take damage.
   Will:      It greatly increases your willpower.
 n - the ring "Ekkiepram" {Will+ Int+4}
   (You bought it in a shop in the Dungeon)

   [ring of willpower]

   Int:       It affects your intelligence (+4).
   Will:      It increases your willpower.
 o - the ring "Powar" (right hand) {Drain rPois rN+ Will+++ Str+6}
   (You bought it in a shop in the Dungeon)

   [ring of strength]

   Str:       It affects your strength (+6).
   rPois:     It protects you from poison.
   rN:        It protects you from negative energy.
   Drain:     It drains your maximum health when unequipped.
   Will:      It greatly increases your willpower.
 p - the amulet of the Lonely Wonders {Faith rPois rC+}
   (You bought it in a shop in the Dungeon)

   [amulet of faith]

   It allows you to gain divine favour quickly.
   rC:        It protects you from cold.
   rPois:     It protects you from poison.
 r - the amulet "Datully" (around neck) {rElec Regen+ rCorr MP-9 SInv}
   (You bought it in a shop in the Dungeon)

   [amulet of regeneration]

   rElec:     It insulates you from electricity.
   MP:        It affects your magic capacity (-9).
   SInv:      It lets you see invisible.
   Regen:     It increases your rate of health regeneration.
   rCorr:     It protects you from acid and corrosion.
Wands
 j - a wand of light (5)
Scrolls
 h - 4 scrolls of blinking
 k - 3 scrolls of fog
Potions
 c - a potion of curing
 d - 2 potions of heal wounds
 e - 4 potions of haste
 f - 2 potions of magic
 g - a potion of berserk rage
 l - a potion of resistance


   Skills:
 + Level 12.0 Fighting
 + Level 11.6 Maces & Flails
 + Level 8.5 Armour
 + Level 4.9 Dodging
 + Level 1.1 Stealth
 + Level 3.3 Evocations


You had 7 spell levels left.
You didn't know any spells.
Your spell library was empty.

Dungeon Overview and Level Annotations

Branches:
Dungeon (1/1)

Altars:
Cheibriados
Dithmenos
Fedhas
Gozag
Kikubaaqudgha
Makhleb
Okawaru
Qazlal
Ru
Sif Muna
Trog
Uskayaw
Vehumet
Wu Jian
Xom
Yredelemnul
Zin
The Shining One
Lugonu

Shops:
D *[??*?*:[((!!!!


Innate Abilities, Weirdness & Mutations

You are immune to sickness and miasma.
Your stone body is resilient. (AC +5)
You are immune to poison.
You resist negative energy. (rN+)
You are resistant to electric shocks. (rElec)
You are resistant to unholy torment.
You are immune to petrification.
Armour fits poorly on your strangely shaped body.
Your body often deteriorates upon taking damage.
You are frail. (-10% HP)
Your magical capacity is very low. (-20% MP)
You are very weak. (Str -4)
You occasionally lose the ability to read scrolls when taking damage.


Message History

You see here the +7 battleaxe of Untruth {flame, rPois rC+++ rCorr Str-3 Dex-3}.
s - the +7 battleaxe of Untruth {flame, rPois rC+++ rCorr Str-3 Dex-3} You feel weaker.
You feel clumsy.
The +7 battleaxe of Untruth {flame, rPois rC+++ rCorr Str-3 Dex-3} bursts into flame!
s - the +7 battleaxe of Untruth (weapon)
{flame, rPois rC+++ rCorr Str-3 Dex-3} You drop a +0 mace.
Okay, then.
Okay, then.
You see here a +0 dagger.
Get ready!
ROUND 5!
BOSS ROUND!
You sense a tension in the west.
There is an entrance to Rekhliac's Basic Armour here.
You see here a +0 club.
A naga warlord comes into view.
It is wielding a +0 hand axe and wearing a +2 tower shield of protection.
The naga warlord shouts!
Things that are here:
7 poisoned darts; a +0 dagger Your skin crawls.
You feel strong-willed.
The naga warlord hits you with a +0 hand axe!!
The naga warlord grabs you. The naga warlord constricts you.
You feel much better.
The naga warlord hits you with a +0 hand axe!!
The naga warlord constricts you.
A mana viper comes into view.
You slash the naga warlord! You burn the naga warlord.
The naga warlord is lightly wounded.
The naga warlord hits you with a +0 hand axe!!
* * * LOW HITPOINT WARNING * * *
The naga warlord constricts you.
* * * LOW HITPOINT WARNING * * *
The naga warlord blocks your attack.
The naga warlord is lightly wounded.
The naga warlord barely misses you. The naga warlord constricts you.
* * * LOW HITPOINT WARNING * * *
The naga warlord hits you with a +0 hand axe!!
You feel threatened and lose the ability to read scrolls!
Ouch! That really hurt!
You die...

#⌠......)....⌠#
######.8......(..8.####
##.___......###......_._
###∩.....÷..8.# #.8.......
##.............###...).....
#⌠..........###...###......
#⌠..........# #.<.# #......
#⌠.......N..###...###......
##........@....###.........
###∩.....S..8.# #.8.......
##∩___......###......___
######.8.(.......8)####
#§...).......⌠#
###.(.......### #_........#
#_......._# #_.(....._#


You could see a naga warlord and a mana viper.

Vanquished Creatures
  6 neqoxecs (D)
  4 kobold brigands (D)
  6 vampire bats (D)
  Ijyb (D)
  2 goblins (D)
  3 hobgoblins (D)
  A kobold (D)
23 creatures vanquished.

Notes
Turn   | Place    | Note
-------+----------+-------------------------------------------
     0 | D        | MrFrogsmire the Gargoyle Berserker began the quest for the
                  | Orb.
     0 | D        | Reached XP level 1. HP: 14/14 MP: 1/1
     1 | D        | Found an ornate altar of the Wu Jian Council.
     2 | D        | Found a basalt altar of Yredelemnul.
     2 | D        | Found a bloodstained altar of Trog.
     3 | D        | Found a corrupted altar of Lugonu.
     3 | D        | Found an ancient bone altar of Kikubaaqudgha.
     4 | D        | Found a glowing silver altar of Zin.
     4 | D        | Found a snail-covered altar of Cheibriados.
     4 | D        | Found Ticlits's Identification Station.
     5 | D        | Found Buloxavu's Jewellery.
     5 | D        | Found Ytabec's Advanced Armour.
     5 | D        | Round 1.
    18 | D        | Bought a pitted bronze ring for 45 gold pieces
    18 | D        | Identified the ring of Descent {Wiz *Slow rPois Will+++
                  | Int+3} (You bought it in a shop in the Dungeon)
    18 | D        | Bought a steaming amber ring for 45 gold pieces
    18 | D        | Identified the ring "Ekkiepram" {Will+ Int+4} (You bought
                  | it in a shop in the Dungeon)
    18 | D        | Bought a translucent platinum ring for 45 gold pieces
    18 | D        | Identified the ring "Powar" {Drain rPois rN+ Will+++ Str+6}
                  | (You bought it in a shop in the Dungeon)
    18 | D        | Bought a warped pewter amulet for 45 gold pieces
    18 | D        | Identified the amulet of the Lonely Wonders {Faith rPois
                  | rC+} (You bought it in a shop in the Dungeon)
    42 | D        | Noticed a kobold brigand
    47 | D        | Killed a kobold brigand
    47 | D        | Reached ** piety under Trog
    48 | D        | Reached skill level 6 in Fighting
    48 | D        | Reached skill level 5 in Maces & Flails
    48 | D        | Reached XP level 2. HP: 23/23 MP: 2/2
    48 | D        | Reached XP level 3. HP: 28/28 MP: 3/3
    48 | D        | Reached XP level 4. HP: 32/32 MP: 4/4
    48 | D        | Found a radiant altar of Vehumet.
    49 | D        | Found a burning altar of Makhleb.
    50 | D        | Found Hialuw's Premium Goods.
    51 | D        | Found an iron altar of Okawaru.
    51 | D        | Found an opulent altar of Gozag.
    51 | D        | Found Pucaario's Weapon Rack.
    51 | D        | Found Bumn's Miscellaneous Merchandise.
    51 | D        | Found Rekhliac's Basic Armour.
    55 | D        | Found a stormy altar of Qazlal.
    77 | D        | Noticed Ijyb
    89 | D        | Killed Ijyb
   113 | D        | Noticed a kobold brigand
   121 | D        | Killed a kobold brigand
   121 | D        | Reached *** piety under Trog
   121 | D        | Arena points: 12 (+12) [x2]
   122 | D        | Reached skill level 7 in Fighting
   122 | D        | Reached skill level 1 in Evocations
   122 | D        | Reached XP level 5. HP: 26/39 MP: 5/5
   137 | D        | Found Tealig's Magic Scroll Shop.
   138 | D        | Found Plog's Magic Scroll Shop.
   138 | D        | Found Anuhaebb's Must-Have Magic.
   139 | D        | Found a blossoming altar of Fedhas.
   139 | D        | Found a shadowy altar of Dithmenos.
   139 | D        | Found a shimmering altar of Xom.
   139 | D        | Found Pamaqav's Staff Store.
   153 | D        | Found a sacrificial altar of Ru.
   186 | D        | Round 2.
   205 | D        | Found a glowing golden altar of the Shining One.
   206 | D        | Found Haug's Distillery.
   206 | D        | Found a shimmering blue altar of Sif Muna.
   206 | D        | Found a hide-covered altar of Uskayaw.
   206 | D        | Found Myuthiz's Do-It-Yourself Clinic.
   207 | D        | Found Fomnui's Distillery.
   207 | D        | Found Araas's Bottled Wisdom.
   246 | D        | Noticed a kobold brigand
   252 | D        | Killed a kobold brigand
   253 | D        | Reached skill level 8 in Fighting
   253 | D        | Reached skill level 5 in Armour
   253 | D        | Reached XP level 6. HP: 44/45 MP: 6/6
   273 | D        | Reached skill level 9 in Fighting
   304 | D        | Reached **** piety under Trog
   338 | D        | Arena points: 54 (+42) [x3]
   348 | D        | Bought a brightly glowing golden ring for 45 gold pieces
   348 | D        | Identified the ring "Laoluss" {rF+ MP+9 Int+2} (You bought
                  | it in a shop in the Dungeon)
   348 | D        | Bought a bound jade amulet for 45 gold pieces
   348 | D        | Identified the amulet "Datully" {rElec Regen+ rCorr MP-9
                  | SInv} (You bought it in a shop in the Dungeon)
   381 | D        | Round 3.
   381 | D        | Noticed a neqoxec
   388 | D        | Gained mutation: Your magical capacity is low. (-10% MP) [a
                  | neqoxec]
   392 | D        | Gained mutation: Armour fits poorly on your strangely
                  | shaped body. [a neqoxec]
   395 | D        | Killed a neqoxec
   396 | D        | Reached skill level 10 in Fighting
   396 | D        | Reached XP level 7. HP: 52/52 MP: 0/6
   401 | D        | Noticed a neqoxec
   402 | D        | Gained mutation: You occasionally lose the ability to read
                  | scrolls when taking damage. [a neqoxec]
   406 | D        | Gained mutation: You are weak. (Str -2) [a neqoxec]
   410 | D        | Gained mutation: You are frail. (-10% HP) [a neqoxec]
   412 | D        | Killed a neqoxec
   413 | D        | Noticed a neqoxec
   416 | D        | Noticed a neqoxec
   423 | D        | Gained mutation: Your body sometimes deteriorates upon
                  | taking damage. [a neqoxec]
   428 | D        | Gained mutation: Your magical capacity is very low. (-20%
                  | MP) [a neqoxec]
   432 | D        | Killed a neqoxec
   433 | D        | Reached skill level 11 in Fighting
   433 | D        | Reached skill level 10 in Maces & Flails
   439 | D        | Noticed a neqoxec
   445 | D        | Killed a neqoxec
   445 | D        | Noticed a neqoxec
   448 | D        | Gained mutation: Your body often deteriorates upon taking
                  | damage. [a neqoxec]
   450 | D        | Killed a neqoxec
   451 | D        | Reached skill level 1 in Stealth
   451 | D        | Reached XP level 8. HP: 52/54 MP: 0/6
   452 | D        | Gained mutation: You are very weak. (Str -4) [a neqoxec]
   459 | D        | Arena points: 138 (+84) [x4]
   527 | D        | Round 4.
   552 | D        | Reached ***** piety under Trog
   579 | D        | Identified the +7 battleaxe of Untruth {flame, rPois rC+++
                  | rCorr Str-3 Dex-3} (Trog gifted it to you in the Dungeon)
   579 | D        | Received a gift from Trog
   579 | D        | Arena points: 278 (+140) [x5]
   580 | D        | Reached skill level 12 in Fighting
   601 | D        | Round 5.
   612 | D        | Noticed a naga warlord
   618 | D        | Noticed a mana viper
   619 | D        | Demolished by a naga warlord

Illustrated notes

Levels and vault maps discovered:
D:        arena_sprint

Skill      XL: |  1  2  3  4  5  6  7  8 |
---------------+-------------------------+-----
Fighting       | 6 7 8 10 11 12 | 12.0
Maces & Flails | 5 7 9 11 | 11.6
Armour         | 3 4 5 6 7 8 |  8.5
Dodging        | 2 3 4 |  4.9
Evocations     | 1 2 3 |  3.3
Stealth        | 1 |  1.1

Action                   |  1- 3 |  4- 6 |  7- 9 || total
-------------------------+-------+-------+-------++-------
Melee: Mace              |     2 |    35 |    77 ||   114
       Punch             |       |       |     2 ||     2
       Battleaxe         |       |       |     2 ||     2
Invok: Trog's Hand       |       |       |     1 ||     1
Evoke: Wand              |     3 |     2 |       ||     5
  Use: Potion            |       |       |     2 ||     2
Armor: Animal skin       |       |     1 |       ||     1
       Scale mail        |       |     7 |    65 ||    72
Dodge: Dodged            |     3 |    15 |    97 ||   115

Table legend: (Time is in decaauts)
 A = Elapsed time spent in this place.
 B = Non-inter-level travel time spent in this place.
 C = Inter-level travel time spent in this place.
 D = Time resting spent in this place.
 E = Time spent auto-exploring this place.
 F = Levels seen in this place.
 G = Mean time per level.
                   A        B        C        D        E       F      G
               +--------+--------+--------+--------+--------+-----+--------+
         Total |    614 |    297 |    317 |      0 |      0 |   1 |  614.0 |
       Dungeon |    614 |    297 |    317 |      0 |      0 |   1 |  614.0 |
               +--------+--------+--------+--------+--------+-----+--------+

Top non-repeatable levels by time:
       D: 614 daAuts
